 Dungeon Crawl Stone Soup version 0.13-a0-2960-g2f00e6d (webtiles) character file.

64 Gruud the Firebug (level 2, 0/22 HPs)
             Began as a Djinni Fire Elementalist on Sept 6, 2013.
             Slain by a kobold
             ... wielding a +0,+0 short sword
              (7 damage)
             ... on Level 1 of the Dungeon.
             The game lasted 00:02:24 (659 turns).

Gruud the Firebug (Djinni Fire Elementalist)         Turns: 659, Time: 00:02:24

HP   0/22        AC  2     Str  8      XL: 2   Next: 48%
MP   0/0         EV 12     Int 15      God:
Gold 46          SH  0     Dex 13      Spells:  2 memorised,  2 levels left

Res.Fire  : + + +   See Invis. : .   d - +0 dagger
Res.Cold  : x . .   Warding    : .   a - +0 robe
Life Prot.: + + +   Conserve   : .   (no shield)
Res.Poison: .       Res.Corr.  : .   (no helmet)
Res.Elec. : .       Clarity    : .   (no cloak)
Sust.Abil.: . .     Spirit.Shd : .   (no gloves)
Res.Mut.  : .       Stasis     : .   (boots unavailable)
Res.Rott. : .       Flight     : .   (no amulet)
Saprovore : . . .                    (no ring)
                                     (no ring)

@: very slightly contaminated, not resistant to hostile enchantments, unstealthy
A: fire immunity, cold vulnerability, life protection 3
a: no special abilities


You were on level 1 of the Dungeon.
You were not hungry.

You visited 1 branch of the dungeon, and saw 1 of its levels.

You collected 26 gold pieces.

Inventory:

Hand weapons
 d - a +0,+0 dagger (weapon)
Armour
 a - a +0 robe (worn)
Scrolls
 c - 3 scrolls of fear {unknown}
 e - a scroll of magic mapping {unknown}
 f - a scroll of curse armour {unknown}
Books
 b - a book of Flames

   Spells                             Type                      Level
   *Flame Tongue                      Conjuration/Fire             1
   *Throw Flame                       Conjuration/Fire             2
   Conjure Flame                      Conjuration/Fire             3
   Inner Flame                        Hexes/Fire                   3
   Sticky Flame                       Conjuration/Fire             4
   Fireball                           Conjuration/Fire             5


   Skills:
 - Level 1.7 Dodging
 - Level 1.5 Stealth
 + Level 2.2 Spellcasting
 - Level 1.1 Conjurations
 + Level 4.5 Fire Magic


You had 2 spell levels left.
You knew the following spells:

 Your Spells              Type           Power        Failure   Level  Hunger
a - Flame Tongue          Conj/Fire      ##...        10%         1    #......
b - Throw Flame           Conj/Fire      ##....       12%         2    ###....


Dungeon Overview and Level Annotations

Branches:
Dungeon (1/27)

Altars:


Innate Abilities, Weirdness & Mutations

You are immune to all types of fire, even holy and hellish.
You are vulnerable to cold.
You need no food.
You have no legs.
You are immune to negative energy.


Message History

Aim: a kobold, wielding a short sword The flame hits the kobold.
The kobold is heavily wounded.
The bat closely misses you. The bat hits you but does no damage.
The kobold barely misses you.
Casting: Flame Tongue
Confirm with . or Enter, or press ? or * to list all spells.
Aiming: Throw Flame
Press: ? - help, Shift-Dir - straight line, f/p - kobold
Aim: a kobold, wielding a short sword (heavily wounded)
The puff of flame misses the kobold.
The bat closely misses you. The kobold barely misses you.
Casting: Throw Flame
Confirm with . or Enter, or press ? or * to list all spells.
Aiming: Throw Flame
Press: ? - help, Shift-Dir - straight line, f/p - kobold
Aim: a kobold, wielding a short sword (heavily wounded)
The puff of flame misses the kobold.
The bat barely misses you. The kobold hits you with a short sword!
You die...

#.#####.#. #######....
#.......#.# .# #....
#.......#.###.## #....
#.......#........ #....
#.......#...!..... #....
#.......#......... #....
#.......#.b....... #....
##.#.......#...............###
............#.@K....... ##.....
..#.#.......#.############.....
#..........%.................
###.######.........#####.....
#. #...................
#.######.............######
.....[...............%....
..........#####....######
###.......# #....#


You could see a bat and a kobold.

Vanquished Creatures
  A bat (D:1)
  A giant cockroach (D:1)
  5 goblins (D:1)
  2 hobgoblins (D:1)
  2 ball pythons (D:1)
  3 giant newts (D:1)
  A kobold (D:1)
  2 rats (D:1)
17 creatures vanquished.

Notes
Turn   | Place    | Note
--------------------------------------------------------------
     0 | D:1      | Gruud, the Djinni Fire Elementalist, began the quest for the Orb.
     0 | D:1      | Reached XP level 1. HP: 14/14 MP: 0/0
   223 | D:1      | Reached XP level 2. EP: 7/21
   226 | D:1      | HP: 1/22 [hobgoblin (1)]
   437 | D:1      | Learned a level 2 spell: Throw Flame
   659 | D:1      | Slain by a kobold

Action                   || total
-------------------------++-------
Melee: Dagger            ||     7
 Cast: Flame Tongue      ||    33
       Throw Flame       ||     4
